Cogmind - Beta 15 @@@ ROGUE MODE // 2025.07.07 @ 20:34:11 Player: Windjigo Result: Destroyed by K1-6MD(R) with Subdweller Laser Performance ------------- Evolutions (0) 0 Regions Visited (2) 400 Robots Destroyed (19) 95 Value Destroyed (382) 382 Prototype IDs (0) 0 Alien Tech Used (0) 0 Bonus (0) 0 TOTAL SCORE: 877 Bonus ------- None Cogmind --------- Core Integrity 0/250 Matter 300/300 Energy 125/125 System Corruption 0% Temperature Cool (6) Movement Hovering (56) Location -10/Subcaves Parts ------- > --- POWER (1) -------- Light Ion Engine > --- PROPULSION (2) --- Improved Hover Unit Improved Hover Unit > --- UTILITY (2) ------ Small Storage Unit > --- WEAPON (2) ------- Heavy Hammer > --- INVENTORY (8) ---- Subdweller Power Source Subdweller Monowheel Particle Gun Particle Gun Subdweller Laser Mini Grenade Launcher Plasma Cutter Heavy Hammer Peak State ------------ > --- POWER ------------ Light Ion Engine > --- PROPULSION ------- Improved Hover Unit Improved Hover Unit > --- UTILITY ---------- Improved Heat Sink Small Storage Unit > --- WEAPON ----------- Particle Gun Particle Gun > --- INVENTORY -------- Light Ion Engine Compact Wheel Compact Wheel Sensor Array Medium Laser Mini Grenade Launcher Mining Laser Plasma Cutter [Rating: 14] Favorites ----------- Power Light Ion Engine Engine Light Ion Engine Propulsion Improved Hover Unit Treads Light Treads Wheel Compact Wheel Hover Unit Improved Hover Unit Utility Small Storage Unit Device Improved Heat Sink Storage Small Storage Unit Weapon Particle Gun Energy Gun Particle Gun Ballistic Gun Light Assault Rifle Impact Weapon Heavy Hammer Build | -11 -10 -10 ------- Run | Yrd Mat Sub Slots Evolved . | . . . Power . | . . . Propulsion . | . . . Utility . | . . . Weapon . | . . . Parts Attached 21 | 7 12 2 Power 3 | 1 2 . Engine 3 | 1 2 . Core . | . . . Reactor . | . . . Propulsion 8 | 2 4 2 Treads 2 | 2 . . Leg . | . . . Wheel 2 | . 2 . Hover 4 | . 2 2 Flight . | . . . Utility 4 | 2 2 . Device 3 | 1 2 . Storage 1 | 1 . . Processor . | . . . Hackware . | . . . Protection . | . . . Artifact . | . . . Weapon 6 | 2 4 . Energy Gun 2 | . 2 . Energy Cannon . | . . . Ballistic Gun 2 | 2 . . Ballistic Cannon . | . . . Launcher . | . . . Special Weapon . | . . . Impact Weapon 2 | . 2 . Slashing Weapon . | . . . Piercing Weapon . | . . . Special Melee Weapon . | . . . Unidentified Prototypes . | . . . Parts Lost 5 | . 1 4 Power 2 | . 1 1 Propulsion 2 | . . 2 Utility 1 | . . 1 Weapon . | . . . Highest Loss Streak 3 | . 1 3 To Critical Strikes . | . . . Average Backups 6 | 4 7 7 Power . | 1 . . Propulsion 1 | 1 1 1 Utility . | . . . Weapon 3 | 1 3 4 Tool/Special . | . . . Unused Backups 9 | . 4 5 Power 1 | . . 1 Propulsion 2 | . 1 1 Utility . | . . . Weapon 5 | . 3 2 Tool/Special 1 | . . 1 Average Slot Usage (%) 94 | . 99 82 Engine 13 | . 14 13 Treads 4 | . 5 . Wheel 8 | . 11 . Hover 14 | . 10 26 Device 12 | . 13 9 Storage 14 | . 14 14 Energy Gun 11 | . 16 . Ballistic Gun 7 | . 10 . Impact Weapon 6 | . 1 19 Peak Build Rating 14 | 7 14 11 Average Rating 9 | 5 11 10 On Entrance 6 | . 7 11 Naked Turns . | . . . Heaviest Build 15 | 14 15 14 Greatest Support 40 | 40 40 14 Greatest Overweight (x) 3 | . 2 3 Average Overweight (x) . | . . . Largest Inventory Capacity 8 | 8 8 8 Average Capacity 7 | 7 8 8 Most Carried 8 | 6 8 8 Average Carried 6 | 4 7 7 Final Capacity 8 | 8 8 8 Final Carried 8 | 5 8 8 Class Distribution -------------------- 100% | Mutant Dominant Class ---------------- Mutant | -10/Materials Mutant | -10/Subcaves Resources | -11 -10 -10 ----------- Run | Yrd Mat Sub Matter Collected 562 | 312 206 44 Remotely . | . . . Salvage Created 613 | 186 362 65 Parts 46 | 21 16 9 Haulers Intercepted 2 | . 2 . Recyclers Shooed 1 | . 1 . Parts Field Recycled . | . . . Retrieved Matter . | . . . Parts Self-Destructed 3 | . . 3 Prevented . | . . . Kills | -11 -10 -10 ------- Run | Yrd Mat Sub Combat Hostiles Destroyed 8 | . 6 2 Melee 1 | . . 1 Guns 6 | . 6 . Classes Destroyed 8 | 3 4 1 Worker 2 | 2 . . Tunneler 4 | 4 . . Hauler 2 | . 2 . Recycler 1 | 1 . . Operator 1 | . 1 . Watcher 1 | . 1 . Grunt 6 | . 6 . Subdweller 2 | . . 2 Best Kill Streak 4 | 4 4 1 Combat Bots Only 4 | . 4 1 Max Kills in Single Turn 1 | 1 1 1 Gunslinging . | . . . Exploded . | . . . Melee 1 | . . 1 Uniques/NPCs Destroyed . | . . . Combat | -11 -10 -10 -------- Run | Yrd Mat Sub Hostile Shots Fired 71 | . 56 15 Missed 14 | . 12 2 Hits 57 | . 44 13 Projectile 57 | . 44 13 Critical Strikes 1 | . 1 . Damage Taken 953 | . 611 342 Core 259 | . 105 154 Absorbed by Shields . | . . . Core Remaining (%) 100 | 100 . . Volleys Fired 56 | 13 43 . Largest 2 | 2 2 . Hottest 130 | 40 130 . Shots Fired 111 | 26 85 . Gun 111 | 26 85 . Cannon . | . . . Launcher . | . . . Special . | . . . Kinetic 76 | 26 50 . Thermal 35 | . 35 . Explosive . | . . . Electromagnetic . | . . . Robot Hit Streak 16 | 6 16 . Robot Miss Streak 7 | 2 7 . Penetration Max . | . . . Secondary Targets 1 | . 1 . Max Gunslinging Chain 1 | . 1 . Shots Hit Robots 88 | 15 62 11 Core Hits 34 | 9 23 2 Critical Kills . | . . . Critical Parts Destroyed 1 | . . 1 Critical Strikes 2 | . 1 1 Burn 1 | . 1 . Smash 1 | . . 1 Melee Attacks 17 | . 1 16 Impact 17 | . 1 16 Slashing . | . . . Piercing . | . . . Sneak Attacks 1 | . 1 . Combat Hostiles . | . . . Follow-up Attacks 2 | . . 2 Damage Inflicted 1314 | 164 804 346 Guns 861 | 164 697 . Cannons . | . . . Explosions . | . . . Melee 453 | . 107 346 Ramming . | . . . Kinetic 565 | 164 401 . Thermal 296 | . 296 . Explosive . | . . . Electromagnetic . | . . . Impact 453 | . 107 346 Slashing . | . . . Piercing . | . . . Highest Corruption . | . . . Average Corruption . | . . . Corruption Purged . | . . . Corruption Blocked . | . . . Overload Shots . | . . . Overflow Damage 131 | . 97 34 Projectiles . | . . . Explosions . | . . . Melee 131 | . 97 34 Knockbacks 2 | . . 2 Impact 2 | . . 2 Kinetic . | . . . Secondary . | . . . Self-Inflicted Damage . | . . . Shots . | . . . Rammed . | . . . Targets Rammed . | . . . Kicked . | . . . Crushed . | . . . Highest Temperature 135 | . 135 . Average Temperature 35 | . 35 . Received Heat Transfer 453 | . 342 111 Siege Activations . | . . . Martial Activations . | . . . Shielding Activations . | . . . Robots Disrupted . | . . . Combat Hostiles . | . . . Robots Corrupted 1 | . . 1 Combat Hostiles 1 | . . 1 Parts Fried . | . . . Impact Corruptions 7 | . 5 2 Robots Melted . | . . . Combat Hostiles . | . . . Parts Melted 1 | . 1 . Heat Transferred 777 | . 777 . Parts Sabotaged . | . . . Parts Stolen . | . . . Parts Stripped . | . . . Power Chain Reactions . | . . . Alert | -11 -10 -10 ------- Run | Yrd Mat Sub Maximum Alert Level . | . . . Low Security (%) 100 | 100 100 . Level 1 . | . . . Level 2 . | . . . Level 3 . | . . . Level 4 . | . . . Level 5 . | . . . High Security . | . . . Max Security . | . . . Peak Influence 70 | 15 70 . Initial . | . . . Average 10 | 1 14 . Influence Increases 216 | 35 181 . Destroy 0b10 Robot/C 120 | . 120 . Destroy 0b10 Robot/NC 55 | 35 20 . Destroy Leader 36 | . 36 . Successful Hack 4 | . 4 . Destroy Structure 1 | . 1 . Influence Decreases 216 | 35 162 19 Entered New Map 10 | . . 10 Time Decay 196 | 35 152 9 Lost Part 10 | . 10 . Squads Dispatched 3 | . 3 . Investigation 1 | . 1 . Extermination . | . . . Reinforcement 2 | . 2 . Assault . | . . . Garrison . | . . . Intercept . | . . . Searches Triggered . | . . . Construction Impeded . | . . . Haulers Reinforced . | . . . Active Scanning Responses . | . . . Cargo Convoy Interrupts . | . . . Stealth | -11 -10 -10 --------- Run | Yrd Mat Sub Distress Signals 1 | . 1 . Communications Jammed . | . . . Distress Signals . | . . . Times Spotted 23 | . 18 5 Peak Tracking Total 7 | . 7 2 Tactical Retreats . | . . . Traps | -11 -10 -10 ------- Run | Yrd Mat Sub Traps Triggered 1 | . 1 . Indirectly . | . . . Trap Hack Attempts . | . . . Triggered . | . . . Disarmed . | . . . Reprogrammed . | . . . Reused . | . . . Traps Extracted . | . . . Installed . | . . . Triggered . | . . . Machines | -11 -10 -10 ---------- Run | Yrd Mat Sub Machines Disabled . | . . . Max in Single Turn . | . . . Machines Repaired . | . . . Machines Dismantled . | . . . Machines Sabotaged . | . . . Overloaded Fab Kills . | . . . Hacking | -11 -10 -10 --------- Run | Yrd Mat Sub Machines Accessed 4 | . 3 1 Terminals 3 | . 3 . Fabricators . | . . . Repair Stations . | . . . Recycling Units . | . . . Scanalyzers . | . . . Garrison Access . | . . . Total Hacks 11 | . 7 4 Successful 6 | . 2 4 Failed 5 | . 5 . Catastrophic 1 | . 1 . Database Lockouts . | . . . Manual 9 | . 9 . Terminals 7 | . 7 . Fabricators . | . . . Repair Stations . | . . . Recycling Units . | . . . Scanalyzers . | . . . Garrison Access . | . . . Terminal Hacks 4 | . . 4 Record 4 | . . 4 Fabricator Hacks . | . . . Repair Station Hacks . | . . . Recycling Unit Hacks . | . . . Scanalyzer . | . . . Garrison Access Hacks . | . . . Unauthorized Hacks 2 | . 2 . Terminals 2 | . 2 . Botnet 2 | . 2 . Fabricators . | . . . Repair Stations . | . . . Recycling Units . | . . . Scanalyzers . | . . . Garrison Access . | . . . Data Cores Recovered . | . . . Used . | . . . Hacking Detections 3 | . 3 . Full Trace Events 1 | . 1 . Feedback Events . | . . . Feedback Blocked . | . . . Robot Schematics Acquired . | . . . Robots Built . | . . . Authchips . | . . . Time . | . . . Total Robot Build Rating . | . . . Part Schematics Acquired . | . . . Parts Built . | . . . Authchips . | . . . Time . | . . . Total Part Build Rating . | . . . Parts Repaired . | . . . Time . | . . . Parts Recycled . | . . . Recycled Matter . | . . . Retrieved Matter . | . . . Retrieved Components . | . . . Parts Scanalyzed . | . . . Part Schematics Acquired . | . . . Parts Damaged . | . . . Bothacking | -11 -10 -10 ------------ Run | Yrd Mat Sub Used RIF Installer . | . . . Robots Hacked . | . . . Non-combat . | . . . Combat . | . . . Robot Hacks Applied . | . . . Relay Couplers Released . | . . . Fabnet Peak Effective % . | . . . Robots Rewired . | . . . Allies Hacked . | . . . Hacks Repelled . | . . . Allies | -11 -10 -10 -------- Run | Yrd Mat Sub Total Allies . | . . . Largest Group . | . . . Highest-Rated Group . | . . . Highest-Rated Ally . | . . . Total Orders . | . . . Ally Attacks . | . . . Total Damage . | . . . Kills . | . . . Allies Corrupted . | . . . Allies Melted . | . . . Intel | -11 -10 -10 ------- Run | Yrd Mat Sub Active Infowar (turns) 357 | 13 169 175 Sensors 181 | . 6 175 Seismic 176 | 13 163 . Robot Analysis Total . | . . . Derelict Logs Recovered . | . . . Drone Launches . | . . . Drone Recoveries . | . . . Exploration | -11 -10 -10 ------------- Run | Yrd Mat Sub Turns Passed 1301 | 258 770 273 Spaces Moved 983 | 138 469 376 Core 16 | 15 . 1 Treads 177 | 123 54 . Legs . | . . . Wheels 236 | . 236 . Hover 554 | . 179 375 Flight . | . . . Fastest Speed 50 | 50 56 56 Average Speed 85 | 148 90 56 Slowest Speed 200 | 160 180 200 Overloaded Moves . | . . . Propulsion Burnouts . | . . . Robots Hopped . | . . . Potential Cave-ins . | . . . Cave-ins Triggered . | . . . Exploration Rate (%) 32 | 8 63 25 Regions Visited 2 Branch Regions 1 Pre-discovered Areas 1 | . . 1 Known Exits Taken . | . . . Unknown Exits Taken 2 | 1 1 . Scrap Searched . | . . . Spaces Dug . | . . . Terrain Destroyed . | . . . Melee . | . . . Projectile . | . . . AOE . | . . . Terrain Rammed . | . . . Walls Destroyed . | . . . Machines Disabled . | . . . Actions | -11 -10 -10 --------- Run | Yrd Mat Sub Total 1316 | 167 736 413 Wait 195 | . 180 15 Move 981 | 137 468 376 Hop . | . . . Pick Up 27 | 10 14 3 Fast Attach 4 | 2 2 . Attach 13 | 5 4 4 Detach 4 | . 3 1 Swap 7 | . 7 . Drop 14 | . 14 . Fire 56 | 13 43 . Melee 15 | . 1 14 Ram . | . . . Kick . | . . . Crush . | . . . Escape Stasis . | . . . Rewire . | . . . Trap . | . . . Miscellaneous . | . . . Route ------- -11/Scrapyard -10/Materials (discovered 3 exits: [*Mat x2] / *Sub) -10/Subcaves (discovered 1 exit: [*Mat]) History --------- Turn | Location | Event 7 | -11/Scrapyard | Discovered new exit (range 16) 259 | -11/Scrapyard | Entered Materials 305 | -10/Materials | Build established: Mutant 504 | -10/Materials | Discovered new exit (range 13) 755 | -10/Materials | Discovered new exit (range 15) 960 | -10/Materials | Discovered new exit (range 13) 1029 | -10/Materials | Entered Subcaves 1030 | -10/Subcaves | Approached by a straggling Scientist 1084 | -10/Subcaves | Core integrity fell below 50% 1110 | -10/Subcaves | Core integrity fell below 20% 1147 | -10/Subcaves | Lost 3 parts (1p2n) 1178 | -10/Subcaves | Visited Clippyterm 1180 | -10/Subcaves | Learned location of Section 7 (-2) 1296 | -10/Subcaves | Discovered new exit (range 15) 1301 | -10/Subcaves | A Subdweller sparked back to life 1301 | -10/Subcaves | A Subdweller sparked back to life 1301 | -10/Subcaves | A Subdweller sparked back to life 1302 | -10/Subcaves | Destroyed by K1-6MD(R) with Subdweller Laser Last Messages --------------- digger of dangerously deep tunnels, unfortunately it seems not even members of the Boring Crew know what became of that one. >>Record! "Optimus" It looks like you're curious about the current leader of 0bPrime. Optimus is well liked, but certainly not being up front with the UFD as a whole. 01243_ Subatomizers dissect the Machine Analyzer. 01296_ EXIT=FOUND 01301_ Sneak attack on M2-Z2P(R). 01301_ M2-Z2P(R) knocked back. 01301_ ZP-K9E(R) creaks and sparks as it begins to move. 01301_ K1-6MD(R) creaks and sparks as it begins to move. 01301_ M2-Z2P(R) creaks and sparks as it begins to move. 01301_ Sensor Array destroyed. Map ----- +----------------------------------------------------+ | ?????????????????????????????????????????????????? | | ?????????????????????????????????????????????????? | | ?????????????????????????????????????????????????? | | ??????????????????????????????#??????????????????? | | ????????????????????????????? #??????????????????? | | #????###????????????????????# ???????????????????? | | ##??## ###????###??????????? #?????#?????????????? | | #### ##??## #??????????# ####? #?????????????? | | ## #### #?????????# # # # #????????????? | | ## #????????? #?????????????? | | #???####?# ???????????????? | | #??## ## #?????????????????? | | ## #### #??????????????????? | | ## ## ##?????????????????? | | # ## #?????????????????? | | ## ### #?????????????????? | | ?## ##?## ## #?????????????????? | | ??### ##???# #??? #?????????????????? | | ?#### #????# #### #?? #????? #???????????? | | ?# #????# ##?## ### ### #???????????? | | ?## #????# ##??# #???????????? | | ??## ######????## #???# ?????????? | | ???##???????????###???# ##### ?????????? | | ??????????????????????# < ## ??????????? | | ??????????????????????## < ??????????? | | ??????????????????????#R @ < #???????????? | | ??????????????????????#R & <# # ##???????????? | | ??????????????????????# #??###???????????????? | | ??????????????????????# R #????????????????????? | | ??????????????????????# <#????????????????????? | | ??????????????????????# ?????????????????????? | | ??????????????????????##